 Dungeon Crawl Stone Soup version 0.31-a0-1005-gfbdfbacc72 (webtiles) character file.

Game seed: 14983668568811841400

472 protoss039 the Digger (level 6, -3/47 HPs)
             Began as a Demonspawn Earth Elementalist on Nov 11, 2023.
             Was an Initiate of Vehumet.
             Killed by divine providence
             ... invoked by an orc priest
              (13 damage)
             ... on level 5 of the Dungeon.
             The game lasted 00:08:17 (4713 turns).

protoss039 the Digger (DsEE)                        Turns: 4713, Time: 00:08:17

Health: -3/47      AC:  4    Str:  8    XL:     6   Next: 83%
Magic:  0/11       EV: 11    Int: 19    God:    Vehumet [......]
Gold:   213        SH:  4    Dex: 13    Spells: 5/11 levels left

rFire   + . .        v - staff of poison
rCold   . . .        D - +0 buckler
rNeg    . . .        a - +0 robe
rPois   +            (no helmet)
rElec   .            k - +0 cloak
rCorr   .            p - +0 pair of gloves
SInv    .            (no boots)
Will    .....        (no amulet)
Stlth   ++           s - ring of protection from fire
HPRegen 0.27/turn    (no ring)
MPRegen 0.12/turn

%: no passive effects
@: no status effects
A: hooves 2
a: Renounce Religion


You were on level 5 of the Dungeon.
You worshipped Vehumet.
Vehumet was noncommittal.
You visited 2 branches of the dungeon, and saw 6 of its levels.

You collected 213 gold pieces.

Inventory:

Hand Weapons
 e - a +0 hand axe
 n - a +0 dagger
Missiles
 t - a throwing net
Armour
 a - a +0 robe (worn)
 k - a +0 cloak (worn)
 p - a +0 pair of gloves (worn)
 r - a scarf of repulsion
 D - a +0 buckler (worn)
Magical Staves
 v - a staff of poison (weapon)
Jewellery
 s - a ring of protection from fire (left hand)
Scrolls
 b - a scroll of brand weapon {unknown}
 c - 2 scrolls of enchant armour
 d - a scroll of acquirement {unknown}
 f - 2 scrolls of poison
 g - 2 scrolls of enchant weapon {unknown}
 m - a scroll of identify
 o - 2 scrolls of fog {unknown}
 q - 2 scrolls of teleportation {unknown}
 w - a scroll of silence {unknown}
 x - a scroll of fear {unknown}
 y - a scroll of noise {unknown}
 F - a scroll of amnesia {unknown}
Potions
 h - a potion of haste {unknown}
 i - 2 potions of ambrosia {unknown}
 j - a potion of curing
 l - a potion of resistance {unknown}
 u - a potion of attraction {unknown}
 z - a potion of degeneration {unknown}
 A - a potion of brilliance {unknown}
 B - a potion of enlightenment {unknown}
 C - 2 potions of heal wounds {unknown}
 E - 2 potions of invisibility {unknown}


   Skills:
 + Level 3.0 Fighting
 * Level 2.2 Armour
 - Level 1.7 Dodging
 - Level 1.7 Stealth
 + Level 1.3 Shields
 + Level 3.3 Spellcasting
 - Level 3.0 Conjurations
 - Level 0.8 Transmutations
 + Level 3.8 Earth Magic


You had 5 spell levels left.
You knew the following spells:

 Your Spells              Type           Power      Damage    Failure   Level
a - Sandblast             Erth           34%        2d9       4%          1
b - Passwall              Tmut/Erth      10%        N/A       13%         2
c - Stone Arrow           Conj/Erth      32%        3d9       17%         3

Your spell library contained the following spells:

 Spells                   Type           Power      Damage    Failure   Level
 Momentum Strike          Conj/Tloc      16%        3d8       19%         2
 Blink                    Tloc           6%         N/A       34%         2
 Lesser Beckoning         Tloc           6%         N/A       34%         2
 Brom's Barrelling Bould  Conj/Erth      16%        2d4       50%         4
 Petrify                  Tmut/Erth      12%        N/A       65%         4


Dungeon Overview and Level Annotations

Branches:
Dungeon (5/15) Zot: 25629  Temple (1/1) D:4 Zot: 5567

Altars:
Ashenzari
Cheibriados
Kikubaaqudgha
Nemelex Xobeh
Okawaru
Ru
Sif Muna
Trog
Uskayaw
Vehumet
Wu Jian
Xom
Yredelemnul

Annotations:
D:3 2 runed translucent doors, eyesofgods1's ghost, amateur DjEE


Innate Abilities, Weirdness & Mutations

You have hoof-like feet.


Message History

Casting: Sandblast (safe; 4% risk of failure)
Confirm with . or Enter, or press ? or * to list all spells.
You don't have enough magic to cast this spell.
Unknown command.
You barely miss the orc priest.
You kick the orc priest, but do no damage.
The orc priest is severely wounded.
The orc priest hits you with a +0 hand axe.
You block the orc priest's attack.
Casting: Sandblast (safe; 4% risk of failure)
Confirm with . or Enter, or press ? or * to list all spells.
You don't have enough magic to cast this spell.
Unknown command.
Unknown command.
Casting: Sandblast (safe; 4% risk of failure)
Confirm with . or Enter, or press ? or * to list all spells.
You don't have enough magic to cast this spell.
Unknown command.
You hit the orc priest. You kick the orc priest.
The orc priest is almost dead.
The orc priest hits you with a +0 hand axe.
Unknown command.
You closely miss the orc priest. Your kick misses the orc priest.
The orc priest is almost dead.
The orc priest mumbles some strange prayers to Beogh against you.
Beogh smites you!
* * * LOW HITPOINT WARNING * * *
Unknown command.
Casting: Sandblast (safe; 4% risk of failure)
Confirm with . or Enter, or press ? or * to list all spells.
Aiming: Sandblast (safe; 4% risk of failure)
Press: ? - help, Shift-Dir - straight line, f/p - orc priest
Aim: an orc priest, wielding a +0 hand axe and wearing a +0 ring mail (almost dead, 84% to hit)
The blast of sand hits the orc priest but does no damage.
The orc priest is almost dead.
The orc priest hits you with a +0 hand axe.
* * * LOW HITPOINT WARNING * * *
The orc priest invokes the aid of Beogh against you.
Beogh smites you!
You die...

#.# #.#
#.# #.#
#.# #.#
#o# #@#
#####.#
#<....#
#######


You could see an orc priest.

Vanquished Creatures
  A steam dragon (D:4)
  An orc priest (D:5)
  A hound (D:4)
  Crazy Yiuf (D:4)
  2 iguanas (D:4)
  An orc wizard (D:3)
  3 gnolls (D:4)
  7 adders
  5 worms
  4 dart slugs
  4 orcs
  5 endoplasms
  2 giant cockroaches
  2 goblins
  5 hobgoblins
  4 jackals (D:1)
  2 quokkas
  8 ball pythons
  9 bats
  3 frilled lizards (D:1)
  7 kobolds
  4 rats
81 creatures vanquished.

Notes
Turn   | Place    | Note
-------+----------+-------------------------------------------
     0 | D:1      | protoss039 the Demonspawn Earth Elementalist began the
                  | quest for the Orb.
     0 | D:1      | Reached XP level 1. HP: 13/13 MP: 3/3
   255 | D:1      | Found a faded altar of an unknown god.
   302 | D:1      | Gained mutation: You have large cloven feet. [demonic
                  | ancestry]
   302 | D:1      | Reached XP level 2. HP: 20/20 MP: 5/5
   326 | D:1      | Reached skill level 1 in Fighting
   937 | D:1      | Reached XP level 3. HP: 26/26 MP: 4/6
  1292 | D:1      | Learned a level 2 spell: Passwall
  1296 | D:1      | Learned a level 3 spell: Stone Arrow
  1732 | D:2      | Reached skill level 1 in Conjurations
  1767 | D:2      | Reached XP level 4. HP: 33/33 MP: 1/8
  2457 | D:3      | Reached XP level 5. HP: 38/38 MP: 7/9
  2688 | D:3      | Found a large runed translucent door.
  2688 | D:3      | Found a large runed translucent door.
  2692 | D:3      | Noticed eyesofgods1's ghost (amateur DjEE)
  3367 | D:4      | Noticed a steam dragon
  3386 | D:4      | HP: 1/38 [steam dragon/ball of steam (7)]
  3390 | D:4      | Killed a steam dragon
  3391 | D:4      | Reached skill level 1 in Armour
  3391 | D:4      | Gained mutation: You have hoof-like feet. [demonic
                  | ancestry]
  3391 | D:4      | Reached XP level 6. HP: 13/46 MP: 5/10
  3523 | D:4      | Found a staircase to the Ecumenical Temple.
  3538 | Temple   | Entered the Ecumenical Temple
  3555 | Temple   | Became a worshipper of Vehumet
  3595 | D:4      | Reached skill level 1 in Shields
  3885 | D:4      | HP: 2/46 [gnoll/+0 halberd (6)]
  4266 | D:4      | Found a runed translucent door.
  4267 | D:4      | Noticed Crazy Yiuf
  4612 | D:4      | Killed Crazy Yiuf
  4687 | D:5      | Entered Level 5 of the Dungeon
  4713 | D:5      | Killed from afar by an orc priest

Illustrated notes

Levels and vault maps discovered:
D:1:      zelgadis_glass_arrival_small, layout_basic, basic_ecumenical_altar,
          roderic_roman_lattice
D:2:      layout_loops_ring
D:3:      layout_loops_ring, ebering_ghost_disaster_area, dk_noncrumbling_4,
          nicolae_concentric_dashed_squares_wild
D:4:      layout_cave_pools, minmay_temple_entry_arrows, nicolae_titane,
          uniq_crazy_yiuf_cottage
D:5:      layout_basic, grunt_temple_overflow_open, gammafunk_ghost_split,
          uniq_menkaure, uniq_duvessa
Temple:   nicolae_temple_ecumenical_triangle

Skill      XL: |  1  2  3  4  5  6 |
---------------+-------------------+-----
Fighting       | 1 2 3 |  3.0
Earth Magic    | 3 |  3.8
Conjurations   | 1 2 3 |  3.0
Spellcasting   | 3 |  3.3
Armour         | 1 2 |  2.2
Shields        | 1 |  1.3
Dodging        | |  1.7
Stealth        | |  1.7
Transmutations | |  0.8

Action                     |  1- 3 |  4- 6 || total
---------------------------+-------+-------++-------
  Melee: Hand axe          |    15 |       ||    15
         Unarmed           |     1 |       ||     1
         Kick              |     4 |    11 ||    15
         Staff             |       |    28 ||    28
         Punch             |       |     2 ||     2
   Cast: Sandblast         |    53 |    98 ||   151
         Stone Arrow       |       |     4 ||     4
    Use: Potion            |       |     4 ||     4
         Scroll            |       |     3 ||     3
   Stab: Sleeping          |       |     1 ||     1
 Armour: Robe              |    17 |    79 ||    96
  Dodge: Dodged            |    27 |    45 ||    72
  Block: Buckler           |       |    15 ||    15

Table legend: (Time is in decaauts)
 A = Elapsed time spent in this place.
 B = Non-inter-level travel time spent in this place.
 C = Inter-level travel time spent in this place.
 D = Time resting spent in this place.
 E = Time spent auto-exploring this place.
 F = Levels seen in this place.
 G = Mean time per level.
                   A        B        C        D        E       F      G
               +--------+--------+--------+--------+--------+-----+--------+
         Total |   4800 |   4624 |    176 |    635 |   3245 |   6 |  800.0 |
       Dungeon |   4368 |   4224 |    144 |    245 |   3245 |   5 |  873.6 |
        Temple |    432 |    400 |     32 |    390 |      0 |   1 |  432.0 |
               +--------+--------+--------+--------+--------+-----+--------+

Top non-repeatable levels by time:
     D:1: 1315 daAuts
     D:2: 1131 daAuts
     D:4: 977 daAuts
     D:3: 910 daAuts
  Temple: 432 daAuts
     D:5: 33 daAuts
